 Dungeon Crawl Stone Soup version 0.28.0 (webtiles) character file.

Game seed: 5129962175473986155

18 BorgnjorsVileCrotch the Chopper (level 2, 25/27 HPs)
             Began as a Deep Dwarf Fighter on Feb 12, 2022.
             Was a Follower of Uskayaw.
             Quit the game on level 2 of the Dungeon.
             The game lasted 00:00:52 (158 turns).

BorgnjorsVileCrotch the Chopper (Deep Dwarf Fighter) Turns: 158, Time: 00:00:53

Health: 25/27      AC:  6    Str: 19    XL:     2   Next: 48%
Magic:  2/2        EV:  9    Int:  8    God:    Uskayaw [*.....]
Gold:   36         SH:  4    Dex: 12    Spells: 1/1 levels left

rFire   . . .      SeeInvis .   a - +0 war axe
rCold   . . .      Faith    .   c - +0 buckler
rNeg    . . .      Spirit   .   b - +0 scale mail
rPois   .          Reflect  .   (no helmet)
rElec   .          Harm     .   (no cloak)
rCorr   .          Rampage  .   (no gloves)
Will    .....                   (no boots)
Stlth   ..........              (no amulet)
HPRegen 0.00/turn               (no ring)
MPRegen 0.08/turn               (no ring)

@: no status effects
A: damage resistance, heal wounds, sense surroundings 1, no regeneration
a: Heal Wounds, Renounce Religion, Stomp


You were on level 2 of the Dungeon.
You worshipped Uskayaw.
Uskayaw was noncommittal.
You visited 1 branch of the dungeon, and saw 2 of its levels.

You collected 36 gold pieces.

Inventory:

Hand Weapons
 a - a +0 war axe (weapon)
Armour
 b - a +0 scale mail (worn)
 c - a +0 buckler (worn)
Scrolls
 e - a scroll of enchant armour {unknown}
 f - a scroll of amnesia {unknown}
Potions
 d - a potion of might {@q3 !q}


   Skills:
 - Level 2.6 Fighting
 + Level 3.5 Axes
 - Level 3.2 Armour
 - Level 3.2 Shields


You had one spell level left.
You didn't know any spells.
Your spell library was empty.

Dungeon Overview and Level Annotations

Branches:
Dungeon (2/15)

Altars:
Uskayaw


Innate Abilities, Weirdness & Mutations

You are resistant to damage.
You can heal yourself by infusing magical energy.
You passively map a small area around you.
You do not regenerate.


Message History

You kill the goblin!
You slash the rat!
You kill the rat!
You hit the goblin.
You kill the goblin!
The bat hits you but does no damage.
Found a twisted silver ring.
The bat hits you but does no damage.
A rat comes into view.
You slash the bat!
You kill the bat!
Your Axes skill increases to level 3!
You slash the rat!
You kill the rat!
You have reached level 2!
An endoplasm comes into view.
The endoplasm quivers.
You see here 15 gold pieces.
Found 4 gold pieces.
You see here a +6 ring of intelligence.
You see here 15 gold pieces.
You now have 15 gold pieces.
The endoplasm hits you.
You hit the endoplasm.
You kill the endoplasm!
No target in view!
e - a scroll labelled URRAED DAPAUNK
There is a stone staircase leading down here.
You climb downwards.
There is a stone staircase leading up here.
Found a stone staircase leading up.
A goblin comes into view. It is wielding a +0 dagger.
The goblin shouts!
The goblin barely misses you.
You slash the goblin!
You kill the goblin!
Things that are here:
a +0 dagger; a goblin corpse
Found 11 gold pieces.
You now have 26 gold pieces (gained 11).
Found a hunting sling.
Found 23 bolts.
You see here a +0 hunting sling.
Found 10 gold pieces.
Found 6 poisoned darts.
A rat and a dart slug come into view.
You see here 10 gold pieces.
You hit the rat but do no damage. The rat barely misses you.
You slash the rat!
You kill the rat!
You hit the dart slug.
The dart slug is moderately wounded.
The dart slug bites you.
You now have 36 gold pieces (gained 10).
You completely miss the dart slug.
The dart slug is moderately wounded.
The dart slug bites you but does no damage.
The dart slug launches a dart at you. The slug dart misses you.
You hit the dart slug.
The dart slug is heavily wounded.
You hit the dart slug.
You kill the dart slug!
No target in view!
No target in view!
Found a ring mail.
Found a book of Power.
Press: ? - help, v - describe, . - travel, g - get item Item here: a book of Power.
The floor.
Autopickup is now off.
You see here a book of Power.
A goblin comes into view. It is wielding a +0 club.
Found 13 gold pieces.
The goblin shouts!
Found a scroll labelled INADUBB KETEIDIL.
A frilled lizard comes into view.
Autopickup is now on.
You barely miss the goblin. The goblin hits you but does no damage.
You barely miss the goblin. You block the goblin's attack.
The goblin hits you with a +0 club.
You hit the goblin.
You kill the goblin!
You slash the frilled lizard!
You kill the frilled lizard!
Items here: ( )) †.
f - a scroll labelled INADUBB KETEIDIL An endoplasm comes into view.
The endoplasm quivers.
The endoplasm moves out of view.
Found a faded altar of an unknown god.
You block the endoplasm's attack.
You hit the endoplasm but do no damage. The endoplasm closely misses you.
You slash the endoplasm!
You kill the endoplasm!
Found 9 gold pieces.
There is a faded altar of an unknown god here.
You cannot tell which god this altar belongs to.
Convert to them anyway?
Uskayaw accepts your prayer! Uskayaw welcomes you!
You can now stomp with the beat.
Are you sure you want to abandon this character and quit the game? (Confirm with "yes".)

♣. * ♣.,, *,* ,♣.♣ ♣ ♣. *
* ## *..♣♣.,♣.## *#.# #...
,♣.♣.♣ ♣..## *#.# #.##.
♣...♣ #...###$#* #.# ♣.♣
♣.⌠.♣♣♣♣.#.#.#* #.#
♣...♣...♣♣..♣#..# #.#
*♣.$......♣♣♣)..#
#.###♣♣..8@8.♣♣..#.##
#######.....♣♣♣♣♣♣♣♣#.##.#
............####.####:##.#
########..............##.#
#[..#####.....###.# #...#
#####.# #.# #...# #.# #.#
##..# #.# * #..# #.# *,*


There were no monsters in sight!

Vanquished Creatures
  A dart slug (D:2)
  A bat (D:1)
  3 endoplasms
  5 goblins
  A frilled lizard (D:2)
  3 rats
14 creatures vanquished.

Notes
Turn   | Place    | Note
-------+----------+-------------------------------------------
     0 | D:1      | BorgnjorsVileCrotch the Deep Dwarf Fighter began the quest
                  | for the Orb.
     0 | D:1      | Reached XP level 1. HP: 20/20 MP: 1/1
    34 | D:1      | Reached skill level 3 in Axes
    37 | D:1      | Reached XP level 2. HP: 27/27 MP: 2/2
   145 | D:2      | Found a faded altar of an unknown god.
   157 | D:2      | Prayed at the altar of an unknown god.
   157 | D:2      | Became a worshipper of Uskayaw the Reveller
   157 | D:2      | Reached * piety under Uskayaw
   158 | D:2      | Quit the game

Illustrated notes

Levels and vault maps discovered:
D:1:      dpeg_cavernosity, layout_loops_ring, st_stairs_3
D:2:      layout_loops_ring, shapermc_ecumenical_altar_totnotflames

Skill      XL: |  1 |
---------------+----+-----
Axes           | 3 |  3.5
Fighting       | |  2.6
Armour         | |  3.2
Shields        | |  3.2

Action                   || total
-------------------------++-------
Melee: War axe           ||    20
Armor: Scale mail        ||     7
Dodge: Dodged            ||    10
Block: Buckler           ||     6
